 Dungeon Crawl Stone Soup version 0.32-a0-818-gb728d0252e (webtiles) character file.

Game seed: 15661051348224355790

1047 cforsyth the Caller (level 8, 0/41 HPs)
             Began as a Deep Elf Summoner on Mar 24, 2024.
             Shot with an arrow by a centaur (11 damage)
             ... on level 6 of the Dungeon.
             The game lasted 00:14:48 (5399 turns).

cforsyth the Caller (Deep Elf Summoner)             Turns: 5399, Time: 00:14:49

Health: 0/41       AC:  4    Str:  5    XL:     8   Next: 5%
Magic:  19/19      EV: 13    Int: 23    God:
Gold:   260        SH:  0    Dex: 15    Spells: 9/19 levels left

rFire   . . .        f - +2 short sword (venom)
rCold   . . .        (no shield)
rNeg    + . .        a - +0 robe
rPois   .            u - +1 helmet
rElec   .            (no cloak)
rCorr   .            (no gloves)
SInv    .            (no boots)
Will    .....        (no amulet)
Stlth   +++          N - ring of positive energy
HPRegen 0.26/turn    (no ring)
MPRegen 0.16/turn

%: no passive effects
@: no status effects
A: no striking features
a: no special abilities


You were on level 6 of the Dungeon.
You visited 1 branch of the dungeon, and saw 6 of its levels.
You also visited: Sewer.

You collected 260 gold pieces.


   Skills:
 + Level 5.7 Dodging
 + Level 6.1 Stealth
 + Level 6.4 Spellcasting
 + Level 6.5 Summonings
 + Level 3.3 Fire Magic


You had 9 spell levels left.
You knew the following spells:

 Your Spells              Type           Power      Damage    Failure   Level
c - Call Imp              Summ           74%        N/A       1%          2
f - Call Canine Familiar  Summ           37%        N/A       1%          3
z - Summon Small Mammal   Summ           100%       N/A       1%          1
X - Summon Blazeheart Go  Fire/Summ      30%        N/A       11%         4

Your spell library contained the following spells:

 Spells                   Type           Power      Damage    Failure   Level
 Apportation              Tloc           14%        N/A       9%          1
 Necrotise                Necr           28%        1d5       9%          1
 Sting                    Conj/Alch      28%        1d4       9%          1
 Cigotuvi's Dreadful Rot  Necr/Alch/Air  14%        N/A       12%         2
 Mercury Vapours          Alch/Air       14%        N/A       12%         2
 Summon Lightning Spire   Summ/Air       22%        N/A       22%         4
 Mephitic Cloud           Conj/Alch/Air  7%         N/A       24%         3
 Olgreb's Toxic Radiance  Alch           7%         N/A       63%         4
 Freezing Cloud           Conj/Ice/Air   3%         6-21      92%         5
 Eringya's Noxious Bog    Alch           3%         4d6       100%        6
 Malign Gateway           Summ/Tloc      11%        N/A       100%        7

Inventory:

Hand Weapons
 f - a +2 short sword of venom (weapon)
Armour
 a - a +0 robe (worn)
 u - a +1 helmet (worn)
 v - a +0 hat
Magical Staves
 d - a staff of fire {!a}
Jewellery
 y - an amulet of the acrobat
 E - a +5 ring of evasion
 N - a ring of positive energy (left hand)
Wands
 p - a wand of paralysis (10)
 q - a wand of roots (9)
Scrolls
 h - 3 scrolls of immolation
 i - 2 scrolls of silence {!r}
 j - a scroll of fog {unknown}
 k - 3 scrolls of enchant armour
 l - a scroll of fear {unknown}
 m - a scroll of summoning
 t - a scroll of brand weapon {unknown}
 w - a scroll of blinking
Potions
 b - 2 potions of magic
 e - a potion of lignification {unknown}
 g - 2 potions of invisibility
 n - 2 potions of enlightenment {unknown}
 o - 2 potions of haste {unknown}
 r - 2 potions of heal wounds {@q2}
 s - a potion of brilliance {unknown}
 x - a potion of curing {unknown}

Dungeon Overview and Level Annotations

Branches:
Dungeon (6/15)             Temple (0/1) D:4           Sewer (visited)

Altars:
Gozag
Okawaru
Qazlal

Shops:
D:2 :

Annotations:
D:4 Dowan

#.# #.# #.# #.#
#.####.####.##
.#
#........#.#.##
..#
######.#..###.#
###..#
<..###.#..#
#.....# #.####
##.#.# ......#
# #.#.##
......#
#...@##...≈≈##
#..#......≈c.?
##...##...≈≈##
##.## ......#
.... ......#
###... .......
###...####..
.... # .#


You could see a centaur.


Message History

Done exploring.
Done exploring.
There is a stone staircase leading down here.
You climb downwards.
There is a stone staircase leading up here.
Casting: Summon Small Mammal (safe; 1% risk of failure)
Confirm with . or Enter, or press ? or * to list all spells.
Okay, then.
Unknown command.
Found a stone staircase leading up.
Found 15 gold pieces.
Key pressed, stopping explore.
You now have 260 gold pieces (gained 15).
A centaur comes into view.
Unknown command.
Unknown command.
The centaur wields a +0 shortbow.
The centaur shoots an arrow.
The arrow hits you.
You start resting.
HP restored.
The centaur shoots an arrow.
The arrow closely misses you.
The centaur shoots an arrow.
The arrow hits you!
The centaur shoots an arrow.
The arrow hits you but does no damage.
Found a scroll of immolation.
The centaur shoots an arrow.
The arrow hits you!
The centaur shoots an arrow.
The arrow hits you!
* * * LOW HITPOINT WARNING * * *
The centaur shoots an arrow.
The arrow hits you!
* * * LOW HITPOINT WARNING * * *
The centaur shoots an arrow.
The arrow hits you!
You die...

Skill      XL: |  1  2  3  4  5  6  7 |
---------------+----------------------+-----
Stealth        | 3 4 5 6 |  6.1
Dodging        | 3 4 5 |  5.7
Spellcasting   | 4 5 6 |  6.4
Summonings     | 5 6 |  6.5
Fire Magic     | 2 3 |  3.3

Action                     |  1- 3 |  4- 6 |  7- 9 || total
---------------------------+-------+-------+-------++-------
  Melee: Short sword       |    40 |    56 |     6 ||   102
         Unarmed           |     1 |       |       ||     1
   Cast: Summon Small Mamm |    54 |    42 |    19 ||   115
         Call Imp          |     4 |    18 |    10 ||    32
         Call Canine Famil |       |    11 |     5 ||    16
  Evoke: Wand              |       |       |     2 ||     2
    Use: Scroll            |       |     8 |     1 ||     9
         Potion            |       |       |     1 ||     1
 Armour: Robe              |    22 |    36 |    22 ||    80
         Skin              |     3 |       |       ||     3
  Dodge: Dodged            |    46 |    49 |    10 ||   105

Levels and vault maps discovered:
D:1:      dpeg_arrival_rooms_c, layout_loops_cross
D:2:      layout_rooms, serial_shops, shop
D:3:      wad_woods_stonehenge, layout_loops_ring,
          nicolae_overflow_crystal_walls, hellmonk_ecumenical_altar_blasted
D:4:      layout_basic, lemuel_crystal_altar, nzn_wu_jian_council_hall,
          minmay_temple_entry_large_hall, uniq_duvessa
D:5:      nicolae_cairo_tiling_large, layout_cave_pools, portal_sewer_entry_d
D:6:      minmay_razor_zed, layout_loops_ring, gammafunk_ghost_cemetery,
          kb_lookout_dungeons_type, kennysheep_generic_room_6, uniq_pikel

Notes
Turn   | Place    | Note
-------+----------+-------------------------------------------
     0 | D:1      | cforsyth the Deep Elf Summoner began the quest for the Orb.
     0 | D:1      | Reached XP level 1. HP: 10/10 MP: 6/6
   302 | D:1      | Reached XP level 2. HP: 12/15 MP: 6/8
   401 | D:1      | HP: 1/15 [hobgoblin (5)]
   603 | D:1      | Reached skill level 3 in Stealth
   998 | D:2      | Learned a level 2 spell: Call Imp
  1087 | D:2      | Reached skill level 3 in Dodging
  1087 | D:2      | Reached XP level 3. HP: 19/19 MP: 3/10
  1247 | D:2      | Found Waehuk's Book Shoppe.
  1348 | D:2      | Learned a level 3 spell: Call Canine Familiar
  1466 | D:2      | Reached XP level 4. HP: 23/24 MP: 8/11
  1754 | D:3      | Found a faded altar of an unknown god.
  1764 | D:3      | Reached skill level 4 in Spellcasting
  1764 | D:3      | Reached skill level 5 in Summonings
  1774 | D:3      | Reached skill level 4 in Stealth
  1774 | D:3      | Reached XP level 5. HP: 10/28 MP: 5/13
  1908 | D:3      | Found an opulent altar of Gozag.
  2149 | D:3      | Reached skill level 4 in Dodging
  2206 | D:3      | Found a stormy altar of Qazlal.
  2674 | D:4      | Found an iron altar of Okawaru.
  2862 | D:4      | Reached XP level 6. HP: 31/32 MP: 7/15
  2950 | D:4      | Reached skill level 1 in Fire Magic
  2976 | D:4      | Found a staircase to the Ecumenical Temple.
  3000 | D:4      | Noticed Dowan
  3330 | D:4      | Reached skill level 5 in Spellcasting
  3338 | D:4      | Learned a level 4 spell: Summon Blazeheart Golem
  3369 | D:4      | Identified the +5 scale mail of the Dowdy God {-Tele ^Drain
                  | rElec rN+++}
  3438 | D:4      | Identified the +3 dagger of the Riding Gods {drain, rPois
                  | rN+ Stlth+}
  3500 | D:4      | Got Sif Muna's Opusculum on Vitriolic Apparitions
  3829 | D:5      | Entered Level 5 of the Dungeon
  3831 | D:5      | Identified a +1 robe of resistance
  3862 | D:5      | Reached skill level 5 in Stealth
  3946 | D:5      | Found a glowing drain.
  3973 | Sewer    | Entered a sewer
  4212 | Sewer    | Reached skill level 2 in Fire Magic
  4212 | Sewer    | Reached XP level 7. HP: 36/36 MP: 11/17
  4363 | Sewer    | Reached skill level 5 in Dodging
  4363 | Sewer    | Reached skill level 6 in Summonings
  4668 | D:5      | Reached skill level 6 in Spellcasting
  4692 | D:5      | Reached skill level 3 in Fire Magic
  4701 | D:5      | Reached skill level 6 in Stealth
  4908 | D:5      | Reached XP level 8. HP: 41/41 MP: 13/19
  5399 | D:6      | Shot with an arrow by a centaur

Vanquished Creatures
  A hound (D:5)
  An orc wizard (D:5)
  3 adders
  2 dart slugs
  A ribbon worm (D:2)
  3 orcs
  2 endoplasms
  5 goblins
  4 hobgoblins
  3 kobolds
  A ball python (D:2)
  2 bats
  2 frilled lizards (Sewer)
  A rat (D:1)
31 creatures vanquished.

Vanquished Creatures (collateral kills)
  A water moccasin (D:5)
  A phantom (D:5)
  2 brain worms (Sewer)
  2 scorpions
  A howler monkey (D:3)
  A hound (D:5)
  A jelly (D:5)
  3 orc priests (D:5)
  3 sleepcaps
  An orc wizard (D:5)
  3 gnolls (D:3)
  11 adders
  A white imp (D:5)
  A ribbon worm (D:4)
  3 dart slugs
  10 orcs
  4 endoplasms
  A giant cockroach (D:4)
  4 goblins
  5 hobgoblins
  6 quokkas (D:3)
  5 ball pythons
  4 bats
  6 frilled lizards
  2 kobolds
  6 rats
88 creatures vanquished.

Grand Total: 119 creatures vanquished

Table legend: (Time is in decaauts)
 A = Elapsed time spent in this place.
 B = Non-inter-level travel time spent in this place.
 C = Inter-level travel time spent in this place.
 D = Time resting spent in this place.
 E = Time spent auto-exploring this place.
 F = Levels seen in this place.
 G = Mean time per level.
                   A        B        C        D        E       F      G
               +--------+--------+--------+--------+--------+-----+--------+
         Total |   5450 |   5343 |    107 |    179 |   3948 |   7 |  778.6 |
       Dungeon |   4792 |   4685 |    107 |     79 |   3615 |   6 |  798.7 |
         Sewer |    657 |    657 |      0 |    100 |    333 |   1 |  657.0 |
               +--------+--------+--------+--------+--------+-----+--------+

Top non-repeatable levels by time:
     D:4: 1155 daAuts
     D:1: 979 daAuts
     D:3: 931 daAuts
     D:5: 919 daAuts
     D:2: 760 daAuts
   Sewer: 657 daAuts
     D:6: 45 daAuts

Table legend:
 A = Non-vault XP
 B = Vault XP
 C = Vault XP percentage of total XP
 D = Non-vault monster count
 E = Vault monster count
 F = Vault count percentage of total count
                 A         B        C        D         E       F
            +---------+---------+-------+---------+---------+-------
      Total |    1191 |     305 |  20.4 |      93 |      26 |  21.8
            +---------+---------+-------+---------+---------+-------
        D:1 |      30 |       0 |   0.0 |      17 |       0 |   0.0
        D:2 |      69 |       0 |   0.0 |      19 |       0 |   0.0
        D:3 |     193 |      11 |   5.4 |      23 |       6 |  20.7
        D:4 |     154 |       0 |   0.0 |      13 |       0 |   0.0
        D:5 |     745 |      13 |   1.7 |      21 |       1 |   4.5
      Sewer |       0 |     281 | 100.0 |       0 |      19 | 100.0
            +---------+---------+-------+---------+---------+-------
